 Dungeon Crawl Stone Soup version 0.29.1-15-g9cfb28693d (console) character file.

Game seed: 10363087888989813081

26296 Mafin the Thaumaturge (level 13, -3/98 HPs)
             Began as a Djinni Fire Elementalist on Mar 11, 2023.
             Was a High Priest of Makhleb.
             Slain by a dream sheep (6 damage)
             ... on level 5 of the Lair of Beasts.
             The game lasted 01:40:25 (17330 turns).

Mafin the Thaumaturge (Djinni Fire Elementalist)   Turns: 17330, Time: 01:40:25

Health: -3/98      AC: 18    Str:  7    XL:     13   Next: 57%
Gold:   1079       EV:  8    Int: 25    God:    Makhleb [*****.] SH:  9 Dex: 14

rFire   + + +      SeeInvis +   R - +11 short sword {flame, Will+ Int+3 SInv}
rCold   x . .      Faith    .   k - +2 kite shield
rNeg    . . .      Spirit   .   Z - +7 Kryia's mail coat {PotionHeal*2 rC+}
rPois   ∞          Reflect  .   (no helmet)
rElec   .          Harm     .   (no cloak)
rCorr   .          Rampage  .   W - +0 pair of gloves
Will    ++...                   (boots unavailable)
Stlth   +.........              n - amulet of regeneration
HPRegen 1.06/turn               h - ring of fire
MPRegen 0.00/turn               i - +4 ring of protection

@: flying
A: sickness immunity, fire resistance 2, cold vulnerability 1, float, innate
caster, HP casting, extra vitality 1
a: Renounce Religion, Minor Destruction, Lesser Servant of Makhleb, Major
Destruction, Greater Servant of Makhleb


You were on level 5 of the Lair of Beasts.
You worshipped Makhleb.
Makhleb was extremely pleased with you.
You visited 2 branches of the dungeon, and saw 17 of its levels.

You collected 1079 gold pieces.

Inventory:

Hand Weapons
 A - the +7 great mace "Undeadhunter" {disrupt, rN+}
   (You found it on level 6 of the Dungeon)

   It inflicts significantly more damage against the undead.
   rN:        It protects you from negative energy.
 G - a +5 flail of freezing
 R - the +11 short sword of Trauma (weapon) {flame, Will+ Int+3 SInv}
   (You found it on level 12 of the Dungeon)

   It burns those it strikes, dealing additional fire damage.
   Int:       It affects your intelligence (+3).
   SInv:      It lets you see invisible.
   Will:      It increases your willpower.
Missiles
 Q - a throwing net
Armour
 a - a +0 robe
 k - a +2 kite shield (worn)
 m - a +2 leather armour of willpower
 E - an orb of wrath
 L - the +0 robe of Dithmenos's Favour {+Inv}
   (You found it on level 9 of the Dungeon)

   +Inv:      It lets you turn invisible.
 T - a +0 troll leather armour
 W - a +0 pair of gloves (worn)
 Z - the +7 Kryia's mail coat (worn) {PotionHeal*2 rC+}
   (You found it on level 2 of the Lair of Beasts)

   Potions are twice as effective at healing its wearer.
   rC:        It protects you from cold.
Magical Staves
 M - a staff of death
Jewellery
 h - a ring of fire (left hand)
 i - a +4 ring of protection (right hand)
 n - an amulet of regeneration (around neck)
 q - the ring of Uskayaw's Envy {rPois rC- rCorr Str+9 Slay+4}
   (You found it on level 4 of the Dungeon)

   [ring of slaying]

   Str:       It affects your strength (+9).
   Slay:      It affects your accuracy & damage with ranged weapons and melee
   (+4).
   rC:        It makes you vulnerable to cold.
   rPois:     It protects you from poison.
   rCorr:     It protects you from acid and corrosion.
 t - a +4 ring of evasion
 U - a ring of ice
 V - a +4 ring of slaying
Wands
 y - a wand of charming (27)
 C - a wand of flame (27)
 P - a wand of digging (14)
 S - a wand of mindburst (19)
Scrolls
 d - 2 scrolls of fog
 g - 10 scrolls of identify
 j - 2 scrolls of enchant armour {unknown}
 o - 6 scrolls of amnesia {unknown}
 r - 4 scrolls of blinking {unknown}
 v - a scroll of poison
 w - 2 scrolls of noise {unknown}
 x - 3 scrolls of immolation {unknown}
 z - 2 scrolls of teleportation
 D - 4 scrolls of vulnerability {unknown}
 F - 2 scrolls of torment {unknown}
 H - 2 scrolls of magic mapping {unknown}
 I - 6 scrolls of enchant weapon
 J - a scroll of fear {unknown}
 O - a scroll of summoning {unknown}
Potions
 b - 3 potions of cancellation
 e - 6 potions of might
 f - 4 potions of brilliance
 l - 4 potions of lignification
 p - a potion of mutation {unknown}
 s - 7 potions of attraction
 u - 13 potions of degeneration
 B - a potion of flight {unknown}
 K - a potion of invisibility {unknown}
 N - 2 potions of resistance
 X - a potion of berserk rage {unknown}
 Y - a potion of ambrosia {unknown}


   Skills:
 + Level 10.8 Fighting
 + Level 12.3 Dodging
 - Level 3.0 Stealth
 * Level 12.4 Spellcasting


You had 4 spell levels left.
You knew the following spells:

 Your Spells              Type           Power      Damage    Failure   Level
a - Foxfire               Conj/Fire      100%       2x1d9     1%          1
b - Scorch                Fire           100%       2d10      1%          2
c - Conjure Flame         Conj/Fire      86%        6-21      3%          3
d - Inner Flame           Hex/Fire       86%        N/A       3%          3
e - Flame Wave            Conj/Fire      86%        2d18      12%         4
f - Sting                 Tmut/Pois      100%       1d8       1%          1
g - Ensorcelled Hibernat  Hex/Ice        100%       N/A       1%          2
h - Confusing Touch       Hex            67%        N/A       3%          3
i - Mephitic Cloud        Conj/Pois/Air  67%        N/A       3%          3
j - Manifold Assault      Tloc           67%        N/A       32%         5
k - Lightning Bolt        Conj/Air       33%        1d51      32%         5
Your spell library was empty.

Dungeon Overview and Level Annotations

Branches:
Dungeon (12/15)            Temple (0/1) D:6            Lair (5/5) D:11
  Swamp (0/4) Lair:3       Spider (0/4) Lair:2          Orc (0/2) D:10
  Slime: Lair:4-5

Altars:
Dithmenos
Elyvilon
Hepliaklqana
Makhleb
Nemelex Xobeh
Okawaru
Uskayaw
Yredelemnul
The Shining One

Shops:
D:1 (([(   D:3 :   D:8 (

Annotations:
D:2 Sigmund
D:6 1 runed translucent door, Crazy Yiuf
D:8 2 transporters


Innate Abilities, Weirdness & Mutations

You are immune to sickness and miasma.
You are immune to poison.
Your flesh is very heat resistant. (rF++)
You are vulnerable to cold. (rC-)
You float through the air rather than walking.
You learn spells naturally, not from books.
Your magical power is your life essence.
You have superior vitality. (+4 MHP)


Message History

The water moccasin bites you but does no damage.
The wyvern bites you but does no damage.
As you read the scroll of teleportation, it crumbles to dust.
You feel strangely unstable.
The water moccasin bites you but does no damage.
The cane toad stings you.
* * * LOW HITPOINT WARNING * * *
The water moccasin bites you but does no damage.
The wyvern bites you but does no damage.
You block the cane toad's attack. You block the water moccasin's attack.
Okay, then.
As you read the scroll of fog, it crumbles to dust.
The scroll dissolves into smoke.
You block the water moccasin's attack.
The wyvern bites you but does no damage.
You block the water moccasin's attack. The cane toad stings you!
* * * LOW HITPOINT WARNING * * *
The wyvern bites you but does no damage.
The water moccasin bites you but does no damage.
The water moccasin completely misses you.
The wyvern misses you.
The water moccasin bites you but does no damage.
Found a robe.
Your surroundings suddenly seem different.
You enter a teleport trap!
The teleport trap disappears.
Your surroundings suddenly seem different. 6 elephants and 4 dream sheep come into view.
Found 18 gold pieces.
The elephant trumpets! x4; The dream sheep bleats! x3
The elephant closely misses you.
The elephant trunk-slaps you but does no damage.
The elephant tramples you!
* * * LOW HITPOINT WARNING * * *
You hold your ground!
The elephant trunk-slaps you but does no damage.
The air fills with toxic fumes!
As you read the scroll of poison, it crumbles to dust.
You block the elephant's attack. The elephant barely misses you.
The elephant tramples you but does no damage.
You block the elephant's attack. The dream sheep bites you.
You die...

§§§ #§§ §§§ §
P§# §§
####§§#§#§
#§P§§§§§§§
##§Y.Y§§§§§
#§Y@YY.§§§§
#§§Y§YYY§§§§#
##§§§Y.§§§§§§
##§§§§§§§§#§
#§§§§§§§§#
##§§§§§§§#
§§§§§§§##
#§§§§§§§


You could see 6 elephants and 4 dream sheep.

Vanquished Creatures
  Erolcha (D:12)
  An anaconda (Lair:3)
  2 two-headed ogres
  Sonja (Lair:3)
  A deep elf zephyrmancer (D:6)
  A deep elf pyromancer (D:11)
  A manticore (D:11)
  An oklob plant (Lair:2)
  2 slime creatures (D:12)
  5 black mambas
  A torpor snail (Lair:2)
  Maurice (D:12)
  Maggie (D:7)
  3 cane toads
  A gargoyle (D:11)
  2 rime drakes
  3 komodo dragons
  A kobold demonologist (D:9)
  Prince Ribbit (D:6)
  A troll (D:12)
  A polar bear (Lair:3)
  A hornet (Lair:1)
  Grinder (D:6)
  9 blink frogs
  3 jumping spiders (Lair:2)
  A vampire (D:10)
  A shadow (D:10)
  36 yaks
  4 wyverns
  A steam dragon (Lair:1)
  Menkaure (D:6)
  Edmund (D:6)
  11 water moccasins
  A swamp drake (D:10)
  3 orc warriors
  A black bear (D:4)
  3 sky beasts
  3 centaurs
  5 wolves
  6 ogres
  6 bullfrogs
  5 kobold brigands
  A gnoll sergeant (D:11)
  A scorpion (D:4)
  11 wights
  6 killer bees (D:7)
  4 howler monkeys (D:10)
  4 electric eels (Lair:3)
  A hound (D:4)
  4 jellies
  3 orc priests (D:10)
  7 orc wizards
  2 iguanas (D:6)
  A hell rat (Lair:3)
  3 gnolls (D:11)
  7 adders
  A shadow imp (D:6)
  A white imp (D:6)
  2 worms
  3 dart slugs
  29 orcs
  2 ball pythons
  5 bats
  4 endoplasms
  A giant cockroach (D:1)
  5 goblins
  9 hobgoblins
  4 jackals (D:4)
  21 kobolds
  4 quokkas
  4 frilled lizards
  2 rats (D:1)
287 creatures vanquished.

Vanquished Creatures (collateral kills)
  3 yaks (Lair:3)
  A basilisk (Lair:3)
  A killer bee (D:7)
  12 foxfires
17 creatures vanquished.

Vanquished Creatures (others)
  718 foxfires
  16 fungi
  25 plants
759 creatures vanquished.

Grand Total: 1063 creatures vanquished

Notes
Turn   | Place    | Note
-------+----------+-------------------------------------------
     0 | D:1      | Mafin the Djinni Fire Elementalist began the quest for the
                  | Orb.
     0 | D:1      | Mafin set off with the following spells memorised: Foxfire,
                  | Scorch, Conjure Flame, Inner Flame, Flame Wave.
     0 | D:1      | Reached XP level 1. HP: 15/15 MP: 0/0
   500 | D:1      | Found Ufe Rutsap's Weapon Emporium.
   761 | D:1      | Reached XP level 2. HP: 18/21 MP: 0/0
  1349 | D:1      | Reached XP level 3. HP: 20/25 MP: 0/0
  1349 | D:1      | Learned a level 1 spell: Sting
  1716 | D:1      | Found Daneunio's Antique Weapon Boutique.
  1744 | D:1      | Found Kayxkuun's Weapon Shop.
  1853 | D:1      | Found Sytol's Antique Armour Emporium.
  2136 | D:2      | Noticed Sigmund
  2295 | D:3      | Reached XP level 4. HP: 26/31 MP: 0/0
  2375 | D:3      | Found a hide-covered altar of Uskayaw.
  2766 | D:3      | Found Kyssusso's Book Emporium.
  3085 | D:3      | Found a burning altar of Makhleb.
  3087 | D:3      | Noticed a blizzard demon
  3091 | D:3      | Noticed an orange demon
  3091 | D:3      | Noticed a hellwing
  3094 | D:3      | Became a worshipper of Makhleb the Destroyer
  3166 | D:4      | Identified the ring of Uskayaw's Envy {rPois rC- rCorr
                  | Str+9 Slay+4}
  3191 | D:4      | Reached XP level 5. HP: 31/35 MP: 0/0
  3191 | D:4      | Learned a level 2 spell: Ensorcelled Hibernation
  3463 | D:4      | Noticed an ogre
  3466 | D:4      | Killed an ogre
  3475 | D:4      | Reached XP level 6. HP: 29/40 MP: 0/0
  3720 | D:4      | Noticed a black bear
  3724 | D:4      | Killed a black bear
  3858 | D:4      | Reached skill level 1 in Fighting
  3858 | D:4      | Reached XP level 7. HP: 42/47 MP: 0/0
  3858 | D:4      | Learned a level 3 spell: Confusing Touch
  4378 | D:4      | Noticed a water moccasin
  4392 | D:4      | Killed a water moccasin
  4703 | D:5      | Entered Level 5 of the Dungeon
  4836 | D:6      | Noticed Prince Ribbit
  4844 | D:6      | Reached * piety under Makhleb
  4845 | D:6      | Killed Prince Ribbit
  4846 | D:6      | Reached skill level 5 in Dodging
  4846 | D:6      | Reached skill level 5 in Spellcasting
  4846 | D:6      | Reached XP level 8. HP: 40/56 MP: 0/0
  4992 | D:6      | Found a basalt altar of Yredelemnul.
  5046 | D:6      | Found a staircase to the Ecumenical Temple.
  5081 | D:6      | Noticed Menkaure
  5085 | D:6      | Killed Menkaure
  5191 | D:6      | Noticed Grinder
  5201 | D:6      | Killed Grinder
  5281 | D:6      | Noticed a deep elf zephyrmancer
  5325 | D:6      | Noticed Edmund
  5331 | D:6      | Killed Edmund
  5332 | D:6      | Reached XP level 9. HP: 58/62 MP: 0/0
  5332 | D:6      | Learned a level 3 spell: Mephitic Cloud
  5526 | D:6      | Found the +7 great mace "Undeadhunter" {disrupt, rN+}
  5730 | D:6      | Found a runed translucent door.
  5731 | D:6      | Noticed Crazy Yiuf
  5800 | D:6      | Killed a deep elf zephyrmancer
  5801 | D:6      | Reached skill level 5 in Fighting
  6378 | D:6      | Reached XP level 10. HP: 66/71 MP: 0/0
  6541 | D:7      | Found a glowing golden altar of the Shining One.
  6945 | D:7      | Noticed Maggie
  6964 | D:7      | Killed Maggie
  6964 | D:7      | Reached ** piety under Makhleb
  7540 | D:8      | Found Oreuq's Weapon Shop.
  8036 | D:8      | Noticed a purple ugly thing
  8037 | D:8      | Noticed a six-headed hydra
  8041 | D:8      | Found a transporter.
  8314 | D:9      | Reached XP level 11. HP: 60/79 MP: 0/0
  8314 | D:9      | Learned a level 5 spell: Manifold Assault
  8374 | D:9      | Reached *** piety under Makhleb
  8816 | D:9      | Noticed a two-headed ogre
  8871 | D:8      | Killed a two-headed ogre
  9373 | D:9      | Noticed a two-headed ogre
  9387 | D:9      | Killed a two-headed ogre
  9438 | D:9      | Identified the +0 robe of Dithmenos's Favour {+Inv}
  9613 | D:9      | Reached skill level 10 in Spellcasting
  9627 | D:9      | Reached skill level 10 in Dodging
  9795 | D:9      | Noticed a deep elf zephyrmancer
  9795 | D:9      | Noticed a manticore
  9795 | D:9      | Noticed a deep elf pyromancer
  9795 | D:9      | Noticed a manticore
  9795 | D:9      | Noticed a boulder beetle
 10265 | D:8      | Found a sparkling altar of Nemelex Xobeh.
 10329 | D:10     | Entered Level 10 of the Dungeon
 10471 | D:10     | Found a white marble altar of Elyvilon.
 10566 | D:10     | Found a shadowy altar of Dithmenos.
 10603 | D:10     | Found a hazy altar of Hepliaklqana.
 11068 | D:10     | Found a staircase to the Orcish Mines.
 11284 | D:10     | Found an iron altar of Okawaru.
 11361 | D:10     | Reached **** piety under Makhleb
 11580 | D:11     | Noticed a deep elf pyromancer
 12072 | D:11     | Reached XP level 12. HP: 80/88 MP: 0/0
 12159 | D:11     | Noticed a seven-headed hydra
 12169 | D:12     | Noticed Erolcha
 12169 | D:12     | Noticed Maurice
 12652 | D:12     | Identified the +11 short sword of Trauma {flame, Will+
                  | Int+3 SInv}
 12679 | D:12     | Killed Erolcha
 12687 | D:12     | Killed Maurice
 12916 | D:12     | Noticed a five-headed hydra
 13230 | D:11     | Noticed a five-headed hydra
 13431 | D:8      | Found a transporter.
 13809 | D:11     | Found a staircase to the Lair.
 13816 | D:11     | Noticed a two-headed ogre
 13819 | Lair:1   | Entered Level 1 of the Lair of Beasts
 15560 | Lair:2   | Reached skill level 10 in Fighting
 15560 | Lair:2   | Reached XP level 13. HP: 68/96 MP: 0/0
 15560 | Lair:2   | Learned a level 5 spell: Lightning Bolt
 15672 | Lair:2   | Found the +7 Kryia's mail coat {PotionHeal*2 rC+}
 15795 | Lair:2   | Found a hole to the Spider Nest.
 16373 | Lair:3   | Found a staircase to the Swamp.
 16391 | Lair:3   | Reached ***** piety under Makhleb
 16490 | Lair:3   | Noticed Sonja
 16497 | Lair:3   | Killed Sonja
 16582 | Lair:3   | Noticed an anaconda
 16599 | Lair:3   | Killed an anaconda
 16630 | Lair:3   | Identified the +5 flail "Luan Cia" {vorpal, Drain +Blink
                  | rPois Will-}
 17288 | Lair:4   | Noticed a boulder beetle
 17317 | Lair:5   | Entered Level 5 of the Lair of Beasts
 17329 | Lair:5   | HP: 2/98 [elephant (7)]
 17330 | Lair:5   | Slain by a dream sheep

Illustrated notes

Levels and vault maps discovered:
D:1:      dpeg_arrival_houses_and_road, layout_basic, serial_shops,
          nicolae_shop_bloodbath_and_beyond, shop, nicolae_shop_statue_plus,
          shop, minmay_box_of_dots
D:2:      layout_basic, serial_bayou, serial_bayou_crossing,
          serial_bayou_pond_c, serial_bayou_lagoon_a, serial_bayou_pond_a,
          chequers_serial_rivers_room_b, kennysheep_generic_room_14,
          uniq_sigmund
D:3:      layout_loops_ring, makhleb_altar_promises_db,
          mainiacjoe_overflow_catwalk, serial_shops, shop
D:4:      layout_basic, kennysheep_generic_room_3
D:5:      layout_basic, grunt_ministairs_3, mrwooster_statue_mirror,
          serial_bayou_pond_a, minmay_puff
D:6:      layout_cave_pools, amcnicky_altar_gilded, minmay_temple_entry_fiery,
          guppyfry_early_elven_hall, uniq_edmund, uniq_prince_ribbit1,
          uniq_grinder, uniq_menkaure, uniq_crazy_yiuf_cottage
D:7:      layout_loops_ring, kennysheep_mini_moat, eino_jars, uniq_maggie
D:8:      layout_loops_ring, gammafunk_temple_overflow_arena, tgw_sif,
          serial_shops, nicolae_square_shop
D:9:      layout_roguey, enter_bailey_4, wad_scary_box
D:10:     layout_roguey, lemuel_coloured_pillars_altar,
          nicolae_dithmenos_the_darkroom, lemuel_crystal_altar,
          chequers_temple_overflow_statue_of_worship, erik_orc_1
D:11:     layout_small_grid, lair_entry_dummy, minmay_joined_circles
D:12:     layout_loops_ring, uniq_erolcha, uniq_maurice
Lair:1:   layout_small_grid
Lair:2:   layout_roguey, spider_nest_entry_a, chequers_serial_rivers_large_a
Lair:3:   nzn_winding_woodlands_stair_trap [nzn_winding_woodlands_5x15_cabin,
          nzn_winding_woodlands_5x15_river_crossing,
          nzn_winding_woodlands_5x15_lazy_stream,
          nzn_winding_woodlands_15x15_eel_pit,
          nzn_winding_woodlands_5x15_garden, nzn_winding_woodlands_5x15_parted,
          nzn_winding_woodlands_5x15_default], layout_gridlike, swamp_mist,
          infiniplex_staircase_pool_2, uniq_sonja
Lair:4:   layout_regular_city, slime_entry_1
Lair:5:   guppyfry_lair_end_dragon, layout_cave_pods,
          hangedman_lair_tendril_chambers, grunt_forest_large_clearings,
          serial_bayou_shore_b

Skill      XL: |  1  2  3  4  5  6  7  8  9 10 11 12 13 |
---------------+----------------------------------------+-----
Stealth        | 2 3 |  3.0
Spellcasting   | 3 4 5 6 7 9 10 11 12 | 12.4
Dodging        | 3 4 5 6 7 8 10 11 12 | 12.3
Fighting       | 1 3 4 5 7 8 10 | 10.8

Action                   |  1- 3 |  4- 6 |  7- 9 | 10-12 | 13-15 || total
-------------------------+-------+-------+-------+-------+-------++-------
Melee: Unarmed           |     5 |       |       |     3 |       ||     8
       Flail             |       |       |       |     1 |       ||     1
       Short sword       |       |       |       |       |     1 ||     1
 Cast: Foxfire           |    51 |    34 |    70 |   225 |    46 ||   426
       Scorch            |    13 |    23 |    42 |   313 |   101 ||   492
       Mephitic Cloud    |       |       |     2 |    60 |    12 ||    74
       Flame Wave        |       |       |     1 |       |     1 ||     2
Invok: Lesser Servant of |       |       |       |       |     1 ||     1
  Use: Scroll            |       |       |     5 |     7 |     6 ||    18
       Potion            |       |       |       |     7 |     4 ||    11
Armor: Robe              |     3 |       |       |     2 |       ||     5
       Leather armour    |       |     1 |     3 |    31 |       ||    35
       Scale mail        |       |       |       |       |    43 ||    43
Dodge: Dodged            |     5 |     5 |     4 |    65 |    20 ||    99
Block: Kite shield       |       |       |     9 |    40 |    30 ||    79
